 Dungeon Crawl Stone Soup version 0.28-b1-25-g9875b3fc8c (webtiles) character file.

Game seed: 4934547540061765087

15675 sanka the Cleaver (level 12, 0/116 HPs)
             Began as a Deep Dwarf Arcane Marksman on Feb 4, 2022.
             Was an Elder of Makhleb.
             Slain by a six-headed hydra (2 damage)
             ... on level 1 of the Lair of Beasts.
             The game lasted 00:54:39 (12054 turns).

sanka the Cleaver (Deep Dwarf Arcane Marksman)     Turns: 12054, Time: 00:54:39

Health: 0/116      AC: 17    Str: 19    XL:     12   Next: 3%
Magic:  9/9 (0)    EV:  7    Int: 14    God:    Makhleb [****..]
Gold:   1521       SH:  0    Dex: 13    Spells: 12/13 levels left

rFire   . . .      SeeInvis .   a - +5 battleaxe (flame)
rCold   . . .      Faith    +   (shield currently unavailable)
rNeg    . . .      Spirit   .   d - +0 plate armour
rPois   .          Reflect  .   u - +0 helmet
rElec   .          Harm     .   (no cloak)
rCorr   .          Rampage  .   f - +0 pair of gloves
Will    +....                   z - +0 pair of boots {Fly}
Stlth   ..........              t - amulet of faith
HPRegen 0.00/turn               E - ring of flight
MPRegen 0.11/turn               I - ring of magical power

@: flying
A: damage resistance, heal wounds, sense surroundings 2, no regeneration
a: Heal Wounds, Renounce Religion, Minor Destruction, Lesser Servant of Makhleb,
Major Destruction


You were on level 1 of the Lair of Beasts.
You worshipped Makhleb.
Makhleb was greatly pleased with you.
You visited 3 branches of the dungeon, and saw 13 of its levels.
You also visited: Bailey.

You collected 1521 gold pieces.

Inventory:

Hand Weapons
 a - a +5 battleaxe of flaming (weapon)
 b - a +0 hand crossbow of freezing
Missiles
 c - 108 bolts
 e - a curare-tipped dart
 j - 52 poisoned darts (quivered)
 n - 26 boomerangs
 L - 6 throwing nets
Armour
 d - a +0 plate armour (worn)
 f - a +0 pair of gloves (worn)
 g - a +1 scale mail of willpower
 u - a +0 helmet (worn)
 z - a +0 pair of boots of flying (worn)
Jewellery
 s - a ring of fire
 t - an amulet of faith (around neck)
 E - a ring of flight (left hand)
 I - a ring of magical power (right hand)
 P - an amulet of reflection
 R - an amulet of the acrobat
 S - a +6 ring of intelligence
Wands
 K - a wand of iceblast (5)
 V - a wand of paralysis (2)
Scrolls
 i - 9 scrolls of amnesia
 k - 3 scrolls of teleportation
 l - a scroll of brand weapon
 o - 3 scrolls of vulnerability
 p - 2 scrolls of fog
 r - a scroll of acquirement
 w - a scroll of noise {unknown}
 x - 3 scrolls of enchant armour
 C - 3 scrolls of fear
 D - 2 scrolls of immolation
 J - a scroll of magic mapping {unknown}
 Q - 2 scrolls of summoning
 U - 2 scrolls of blinking {unknown}
Potions
 h - 3 potions of haste {unknown}
 m - 3 potions of degeneration {unknown}
 q - 3 potions of curing {unknown}
 v - 4 potions of flight
 A - a potion of magic {unknown}
 B - a potion of lignification {unknown}
 F - 2 potions of attraction {unknown}
 M - a potion of resistance {unknown}
 N - 3 potions of brilliance {unknown}
 T - 2 potions of might {unknown}
Miscellaneous
 G - a phial of floods


   Skills:
 + Level 9.6 Fighting
 + Level 14.4(14.6) Axes
 - Level 4.0(9.5) Maces & Flails
 - Level 2.3 Crossbows
 + Level 7.9 Armour
 - Level 2.1 Dodging
 - Level 1.0 Spellcasting
 - Level 2.4 Hexes
 - Level 6.0 Invocations
 - Level 4.0 Evocations


You had 12 spell levels left.
You knew the following spells:

 Your Spells              Type           Power      Damage    Failure   Level
a - Slow                  Hex            28%        N/A       93%         1

Your spell library contained the following spells:

 Spells                   Type           Power      Damage    Failure   Level
 Foxfire                  Conj/Fire      0%         2x1d4     99%         1
 Conjure Flame            Conj/Fire      0%         6-21      100%        3
 Inner Flame              Hex/Fire       4%         N/A       100%        3
 Portal Projectile        Hex/Tloc       8%         N/A       100%        3
 Cause Fear               Hex            3%         N/A       100%        4
 Flame Wave               Conj/Fire      0%         2d4       100%        4


Dungeon Overview and Level Annotations

Branches:
Dungeon (11/15)            Temple (1/1) D:6            Lair (1/6) D:9
    Orc (0/2) D:11         Bailey (visited)

Altars:
Ashenzari
Cheibriados
Dithmenos
Elyvilon
Fedhas
Gozag
Hepliaklqana
Kikubaaqudgha
Makhleb
Nemelex Xobeh
Okawaru
Qazlal
Ru
Sif Muna
Trog
Uskayaw
Vehumet
Wu Jian
Xom
Yredelemnul
Zin
The Shining One

Shops:
D:10 (   D:11 (


Innate Abilities, Weirdness & Mutations

You are resistant to damage.
You can heal yourself by infusing magical energy.
You passively map the area around you.
You do not regenerate.


Message History

You completely miss the seven-headed hydra.
The seven-headed hydra is lightly wounded.
The seven-headed hydra bites you but does no damage.
The seven-headed hydra bites you.
The seven-headed hydra bites you but does no damage.
The seven-headed hydra barely misses you.
The seven-headed hydra bites you.
* * * LOW HITPOINT WARNING * * *
The seven-headed hydra bites you!
* * * LOW HITPOINT WARNING * * *
The seven-headed hydra bites you but does no damage.
You feel much better.
The seven-headed hydra barely misses you.
The seven-headed hydra bites you!
* * * LOW HITPOINT WARNING * * *
The seven-headed hydra bites you but does no damage. x5
You don't have enough innate magic capacity.
Unknown command.
You barely miss the seven-headed hydra.
The seven-headed hydra is lightly wounded.
The seven-headed hydra bites you.
* * * LOW HITPOINT WARNING * * *
The seven-headed hydra barely misses you.
The seven-headed hydra bites you!
* * * LOW HITPOINT WARNING * * *
The seven-headed hydra bites you but does no damage.
The seven-headed hydra bites you. The seven-headed hydra bites you!
* * * LOW HITPOINT WARNING * * *
The seven-headed hydra bites you!
* * * LOW HITPOINT WARNING * * *
You chop one of the seven-headed hydra's heads off!
The flame cauterises the wound!
You slice the six-headed hydra!! You burn the six-headed hydra!
The six-headed hydra is severely wounded.
The six-headed hydra bites you but does no damage.
The six-headed hydra bites you.
* * * LOW HITPOINT WARNING * * *
The six-headed hydra bites you but does no damage.
The six-headed hydra bites you!
You die...

### ##.......# , *≈≈
# #P.......# , * #
#.......# , * #
#......#* ,, , ##
#...$..# *, .## .##
###...## * *... ..##
#F.### * #.. #..##
##D## ##. ##..###
#.@# #.. ###..##
##..# ... ###.#..####
#..## *#..
.........#. #..# #..
...........###.## #.#
...............# **
...............##
................##
.................####


You could see a six-headed hydra and a bullfrog.

Vanquished Creatures
  Harold (D:7)
  A boulder beetle (D:11)
  A centaur warrior (D:10)
  2 orc knights (Bailey)
  An ugly thing (D:11)
  A deep elf pyromancer (D:11)
  A cyclops (D:8)
  A black mamba (Lair:1)
  A gargoyle (D:10)
  A cane toad (Lair:1)
  A komodo dragon (Lair:1)
  An unseen horror (D:11)
  3 trolls
  2 shadows
  A wyvern (Lair:1)
  A wraith (D:11)
  19 yaks
  Menkaure (D:7)
  2 water moccasins
  An acid dragon (D:9)
  Duvessa (D:5)
  2 black bears
  11 orc warriors
  An ice beast (D:6)
  2 necrophages (D:6)
  An ogre (D:7)
  8 wolves
  4 centaurs
  A phantom (D:5)
  5 kobold brigands
  3 bullfrogs
  2 scorpions
  A gnoll sergeant (D:7)
  Dowan (D:5)
  6 killer bees (D:8)
  2 howler monkeys (D:10)
  6 wights
  6 electric eels
  2 centaur zombies
  A human zombie (D:6)
  2 bullfrog skeletons (D:6)
  2 bullfrog zombies (D:6)
  12 hounds
  3 gnoll shamans (D:7)
  3 orc priests
  3 iguanas
  10 orc wizards
  2 killer bee zombies
  2 mummies (D:6)
  4 howler monkey zombies
  Robin (D:3)
  14 gnolls
  10 adders
  2 shadow imps
  3 white imps (D:7)
  An ufetubus (D:4)
  2 adder skeletons (D:4)
  3 worms
  2 dart slugs
  35 orcs
  5 bats
  8 endoplasms
  5 giant cockroaches
  24 goblins
  12 hobgoblins
  9 jackals
  2 quokkas
  7 ball pythons
  5 frilled lizards
  34 kobolds
  4 rats
340 creatures vanquished.

Vanquished Creatures (others)
  39 plants (D:7)
39 creatures vanquished.

Grand Total: 379 creatures vanquished

Notes
Turn   | Place    | Note
-------+----------+-------------------------------------------
     0 | D:1      | sanka the Deep Dwarf Arcane Marksman began the quest for
                  | the Orb.
     0 | D:1      | Reached XP level 1. HP: 16/16 MP: 2/2
    57 | D:1      | Reached skill level 1 in Fighting
   178 | D:1      | Reached XP level 2. HP: 26/26 MP: 3/3
   566 | D:1      | Found a faded altar of an unknown god.
  1180 | D:1      | Reached XP level 3. HP: 26/33 MP: 4/4
  1726 | D:2      | Reached XP level 4. HP: 22/43 MP: 5/5
  2172 | D:3      | Noticed a kobold brigand
  2183 | D:3      | Killed a kobold brigand
  2184 | D:3      | Reached XP level 5. HP: 37/51 MP: 5/5
  2209 | D:3      | Noticed Robin
  2364 | D:3      | Killed Robin
  2547 | D:3      | Reached skill level 5 in Fighting
  3175 | D:4      | Reached XP level 6. HP: 51/61 MP: 6/6
  3294 | D:4      | Reached skill level 1 in Maces & Flails
  3343 | D:4      | Found an ornate altar of the Wu Jian Council.
  3552 | D:4      | You fall into a shaft and drop 3 floors!
  3552 | D:7      | Noticed Menkaure
  3558 | D:7      | Killed Menkaure
  3559 | D:7      | Reached XP level 7. HP: 21/69 MP: 7/7
  3622 | D:6      | Found a glowing golden altar of the Shining One.
  3637 | D:6      | Found a white marble altar of Elyvilon.
  3920 | D:6      | Reached skill level 1 in Axes
  3983 | D:5      | Entered Level 5 of the Dungeon
  3983 | D:5      | Noticed Duvessa
  3983 | D:5      | Noticed Dowan
  4027 | D:5      | Reached skill level 2 in Axes
  4037 | D:5      | Killed Duvessa
  4038 | D:5      | Reached skill level 3 in Axes
  4056 | D:5      | Killed Dowan
  4057 | D:5      | Reached skill level 4 in Axes
  4411 | D:4      | Found a sparkling altar of Nemelex Xobeh.
  4816 | D:5      | Found a shimmering altar of Xom.
  4825 | D:5      | Reached skill level 5 in Axes
  4825 | D:5      | Reached XP level 8. HP: 24/76 MP: 5/5
  4848 | D:5      | Reached skill level 6 in Axes
  5452 | D:6      | Reached skill level 7 in Axes
  5476 | D:6      | Identified a scroll of acquirement
  5544 | D:6      | Found an ancient bone altar of Kikubaaqudgha.
  5566 | D:6      | Reached skill level 8 in Axes
  5616 | D:6      | Reached skill level 9 in Axes
  5854 | D:6      | Found a staircase to the Ecumenical Temple.
  5889 | Temple   | Entered the Ecumenical Temple
  6137 | Temple   | Became a worshipper of Makhleb the Destroyer
  6219 | D:6      | Reached skill level 1 in Invocations
  6227 | D:6      | Noticed a troll
  6254 | D:6      | Gained mutation: You passively map the area around you.
                  | [Deep Dwarf growth]
  6254 | D:6      | Reached XP level 9. HP: 49/82 MP: 3/3
  6256 | D:6      | Killed a troll
  6655 | D:7      | Reached skill level 10 in Axes
  6947 | D:7      | Reached * piety under Makhleb
  6990 | D:7      | Noticed Harold
  6997 | D:7      | Killed Harold
  6998 | D:7      | Reached skill level 11 in Axes
  7210 | D:7      | Reached skill level 12 in Axes
  7283 | D:7      | Reached XP level 10. HP: 45/92 MP: 4/4
  7766 | D:8      | Noticed a cyclops
  7783 | D:8      | Killed a cyclops
  7784 | D:8      | Reached skill level 1 in Armour
  7975 | D:8      | Reached ** piety under Makhleb
  7995 | D:8      | Reached skill level 13 in Axes
  8212 | D:8      | Found a flagged portal.
  8221 | Bailey   | Entered a bailey
  8423 | Bailey   | Noticed an orc knight
  8467 | Bailey   | Noticed an orc knight
  8566 | Bailey   | Killed an orc knight
  8581 | Bailey   | Killed an orc knight
  9217 | D:9      | Reached *** piety under Makhleb
  9227 | D:9      | Reached XP level 11. HP: 69/103 MP: 3/3
  9231 | D:9      | Reached skill level 5 in Armour
  9397 | D:9      | Found a staircase to the Lair.
  9807 | D:10     | Entered Level 10 of the Dungeon
 10080 | D:10     | Found Ymow's Antique Weapon Shoppe.
 10111 | D:10     | Noticed a centaur warrior
 10125 | D:10     | Killed a centaur warrior
 10228 | D:10     | Found a snail-covered altar of Cheibriados.
 10228 | D:10     | Found a hide-covered altar of Uskayaw.
 10228 | D:10     | Found a radiant altar of Vehumet.
 10228 | D:10     | Found a hazy altar of Hepliaklqana.
 10275 | D:10     | Found a glowing silver altar of Zin.
 10713 | D:10     | Found a shadowy altar of Dithmenos.
 10769 | D:11     | Noticed a boulder beetle
 10779 | D:11     | Killed a boulder beetle
 10852 | D:11     | Noticed a brown ugly thing
 10861 | D:11     | Killed a brown ugly thing
 10899 | D:11     | Reached skill level 14 in Axes
 10989 | D:11     | Reached **** piety under Makhleb
 11034 | D:11     | Reached skill level 5 in Invocations
 11064 | D:11     | Found a staircase to the Orcish Mines.
 11222 | D:11     | Found Qolinkef's Weapon Shoppe.
 11288 | D:11     | Noticed a deep elf pyromancer
 11299 | D:11     | Killed a deep elf pyromancer
 11519 | Lair:1   | Entered Level 1 of the Lair of Beasts
 11694 | Lair:1   | Identified the +1 robe "Pouthuub" {Rampage Regen+ rCorr
                  | Str-5}
 11835 | Lair:1   | Reached XP level 12. HP: 36/115 MP: 1/1
 12042 | Lair:1   | Noticed an eight-headed hydra
 12053 | Lair:1   | HP: 3/116 [seven-headed hydra (7)]
 12054 | Lair:1   | Slain by a six-headed hydra

Illustrated notes

Levels and vault maps discovered:
D:1:      roderic_dead_forest, layout_loops_corners,
          nicolae_ecumenical_lake_church, st_stairs_4, kennysheep_doodads,
          roderic_roman_lattice
D:2:      layout_basic
D:3:      cheibrodos_helix_gallery, layout_loops_ring, hex_large, uniq_robin
D:4:      layout_loops_cross, lemuel_crystal_altar, nzn_wu_jian_council_hall,
          serial_rivers, chequers_serial_rivers_room_b,
          chequers_serial_rivers_marsh, chequers_serial_rivers_small_b,
          chequers_serial_rivers_large_a, ebering_dispersal_statue_hall,
          minmay_misc_feat_tiny
D:5:      layout_loops_ring, mainiacjoe_overflow_catwalk, uniq_duvessa
D:6:      layout_cave_pools, lemuel_mausoleum_altar_kikubaaqudgha,
          chequers_temple_overflow_statue_of_worship, temple_pool_b,
          kennysheep_potato
D:7:      kennysheep_housing_project, layout_basic, uniq_harold, uniq_menkaure
D:8:      layout_loops_cross, enter_bailey_8
D:9:      layout_roguey, erik_lair_island
D:10:     layout_basic, minmay_overflow_temple_hex, serial_shops, shop
D:11:     layout_roguey, david_orc_4, serial_shops, nicolae_diamond_shop
Temple:   dpeg_chambers_temple
Lair:1:   layout_cave_pods, wad_woods_river_01

Skill      XL: |  1  2  3  4  5  6  7  8  9 10 11 |
---------------+----------------------------------+-----
Fighting       | 1 2 3 4 5 6 8 9 |  9.6
Maces & Flails | 3 4 |  4.0
Axes           | 5 9 12 13 14 | 14.4
Invocations    | 2 4 6 |  6.0
Armour         | 4 7 |  7.9
Evocations     | 4 |  4.0
Crossbows      | |  2.3
Dodging        | |  2.1
Spellcasting   | |  1.0
Hexes          | |  2.4

Action                   |  1- 3 |  4- 6 |  7- 9 | 10-12 || total
-------------------------+-------+-------+-------+-------++-------
Melee: Unarmed           |    39 |       |       |       ||    39
       Flail             |    26 |    45 |       |       ||    71
       Dagger            |       |   151 |    66 |       ||   217
       Punch             |       |     3 |     5 |       ||     8
       War axe           |       |     5 |   191 |       ||   196
       Battleaxe         |       |       |   116 |   312 ||   428
 Fire: Hand crossbow     |    55 |    44 |   100 |   154 ||   353
       Hunting sling     |    26 |    13 |       |       ||    39
 Abil: Heal Wounds       |       |     7 |    21 |    14 ||    42
Evoke: Wand              |       |       |     7 |    21 ||    28
  Use: Scroll            |       |       |    12 |     3 ||    15
       Potion            |       |       |       |     3 ||     3
Armor: Robe              |    41 |       |       |       ||    41
       Leather armour    |       |    36 |       |       ||    36
       Chain mail        |       |    56 |   234 |       ||   290
       Scale mail        |       |       |     8 |     1 ||     9
       Skin              |       |       |     1 |       ||     1
       Plate armour      |       |       |       |   236 ||   236
Dodge: Dodged            |    85 |   141 |   205 |   121 ||   552
